 Dungeon Crawl Stone Soup version 0.19.1-1-g22dce08 (webtiles) character file.

181 McKennaii the Magician (level 5, -7/31 HPs)
             Began as a High Elf Wizard on Jan 4, 2017.
             Killed by nerve-wracking pain
             ... invoked by Grinder
              (9 damage)
             ... while paralysed by Grinder
             ... on level 4 of the Dungeon on Jan 5, 2017.
             The game lasted 00:21:16 (3170 turns).

McKennaii the Magician (High Elf Wizard)            Turns: 3170, Time: 00:21:17

Health: -7/31      AC:  2    Str:  6    XL:     5   Next: 34%
Magic:  5/13       EV:  2    Int: 22    God:
Gold:   147        SH:  0    Dex: 14    Spells: 5 memorised, 4 levels left

rFire  . . .     SeeInvis .     (no weapon)
rCold  . . .     Gourm    .     a - +0 robe
rNeg   . . .     Faith    .     (no shield)
rPois  .         Spirit   .     b - +0 hat
rElec  .         Reflect  .     (no cloak)
rCorr  .         Harm     .     (no gloves)
MR     .....                    (no boots)
Stlth  ++........               (no amulet)
                                (no ring)
                                (no ring)

@: paralysed
A: no striking features
a: no special abilities


You were on level 4 of the Dungeon.
You were hungry.

You visited 1 branch of the dungeon, and saw 4 of its levels.

You collected 147 gold pieces.

Inventory:

Armour
 a - a +0 robe (worn)
 b - a +0 hat (worn)
Wands
 y - a wand of lightning (6/15)
 z - a wand of disintegration (14/24)
Scrolls
 e - 2 scrolls of remove curse {unknown}
 f - a scroll of enchant armour {unknown}
 h - a scroll of recharging {unknown}
 l - 2 scrolls of enchant weapon {unknown}
 m - 3 scrolls of identify
 t - a scroll of blinking {unknown}
 u - 2 scrolls of amnesia {unknown}
 x - a scroll of teleportation {unknown}
Potions
 g - 3 potions of haste {unknown}
 i - 6 potions of curing
 k - 4 potions of lignification {unknown}
 n - 2 potions of might {unknown}
 o - 2 potions of degeneration {unknown}
 p - 2 potions of ambrosia {unknown}
 r - a potion of heal wounds {unknown}
 s - a potion of brilliance {unknown}
Books
 c - a book of Minor Magic

   Spells                             Type                      Level
   a - Magic Dart                     Conjuration                  1
   b - Blink                          Translocation                2
   c - Call Imp                       Summoning                    2
   d - Repel Missiles                 Charms/Air                   2
   e - Slow                           Hexes                        2
   f - Conjure Flame                  Conjuration/Fire             3
   g - Mephitic Cloud                 Conjuration/Poison/Air       3
 w - a book of Cantrips

   Spells                             Type                      Level
   a - Confusing Touch                Hexes                        1
   b - Animate Skeleton               Necromancy                   1
   c - Summon Small Mammal            Summoning                    1
   d - Apportation                    Translocation                1
Comestibles
 d - 2 bread rations
 j - a meat ration
 q - 2 slices of pizza
 v - a beef jerky


   Skills:
 + Level 2.9 Dodging
 + Level 2.5 Stealth
 + Level 0.5 Unarmed Combat
 + Level 5.1 Spellcasting
 + Level 3.1 Conjurations
 + Level 1.7 Summonings
 + Level 1.1 Translocations


You had 4 spell levels left.
You knew the following spells:

 Your Spells              Type           Power        Failure   Level  Hunger
a - Magic Dart            Conj           ###.         3%          1    None
b - Call Imp              Summ           ##......     10%         2    None
c - Blink                 Tloc           N/A          12%         2    None
d - Slow                  Hex            #.......     17%         2    None
e - Conjure Flame         Conj/Fire      ##......     17%         3    ##.....


Dungeon Overview and Level Annotations

Branches:
Dungeon (4/15)
 Temple: D:4-7

Altars:
Ashenzari
Cheibriados
Hepliaklqana
Kikubaaqudgha
Makhleb
Zin

Annotations:
D:4 Grinder


Message History

Grinder blinks!
You swap places.
There is a hazy altar of Hepliaklqana here.
Grinder gestures at you. Pain shoots through your body!
Grinder gestures at you. Pain shoots through your body!
Grinder closely misses your crimson imp.
Your crimson imp hits Grinder.
Grinder blinks!
Your crimson imp blinks!
You see here a dagger.
Grinder gestures at you.
You suddenly lose the ability to move!
Grinder hits you but does no damage. Grinder hits you!
* * * LOW HITPOINT WARNING * * *
Grinder gestures at you. Pain shoots through your body!
You die...

.....#####....#.###.###.#
..l...'.......#.###.###.#
.....##..##..##.........#
'##..##..##..######.#####
.##..##....).##..##5#...#
..#..5.......##..##.....##
..#...............†......#
..#.............5........#
..#.............@).....<.#
##########################


You could see Grinder and a friendly crimson imp.

Vanquished Creatures
  A centaur skeleton (D:4)
  2 gnolls (D:3)
  2 adders (D:3)
  An ooze (D:3)
  A dart slug (D:1)
  A leopard gecko (D:4)
  3 orcs
  5 giant cockroaches
  3 goblins
  2 hobgoblins
  A jackal (D:2)
  2 quokkas (D:3)
  7 bats
  5 frilled lizards
  6 kobolds
  A quokka skeleton (D:4)
  20 rats
63 creatures vanquished.

Vanquished Creatures (collateral kills)
  A scorpion (D:4)
  Jessica (D:2)
  An adder (D:2)
  A gnoll (D:3)
  A dart slug (D:2)
  2 jackals (D:2)
  A rat (D:3)
8 creatures vanquished.

Grand Total: 71 creatures vanquished

Notes
Turn   | Place    | Note
-------+----------+-------------------------------------------
     0 | D:1      | McKennaii the High Elf Wizard began the quest for the Orb.
     0 | D:1      | Reached XP level 1. HP: 11/11 MP: 6/6
    96 | D:1      | Reached skill level 4 in Spellcasting
   116 | D:1      | Reached XP level 2. HP: 8/17 MP: 0/8
   123 | D:1      | Learned a level 2 spell: Call Imp
   126 | D:1      | Learned a level 2 spell: Blink
   129 | D:1      | Learned a level 2 spell: Slow
   685 | D:2      | Found a snail-covered altar of Cheibriados.
   751 | D:2      | Noticed Jessica
   774 | D:2      | Reached skill level 1 in Summonings
   774 | D:2      | Reached XP level 3. HP: 17/21 MP: 2/9
   790 | D:2      | Killed Jessica
  1430 | D:3      | Reached XP level 4. HP: 24/27 MP: 0/11
  1594 | D:3      | Found a glowing silver altar of Zin.
  1929 | D:3      | Learned a level 3 spell: Conjure Flame
  2125 | D:3      | Found a burning altar of Makhleb.
  2594 | D:4      | Reached XP level 5. HP: 31/31 MP: 4/13
  2625 | D:4      | Found an ancient bone altar of Kikubaaqudgha.
  2712 | D:4      | Reached skill level 5 in Spellcasting
  2903 | D:4      | Found a shattered altar of Ashenzari.
  2975 | D:4      | Found a hazy altar of Hepliaklqana.
  3020 | D:4      | Noticed Grinder
  3116 | D:4      | Paralysed by Grinder for 5 turns
  3167 | D:4      | Paralysed by Grinder for 7 turns
  3170 | D:4      | Killed from afar by Grinder

Skill      XL: |  1  2  3  4  5 |
---------------+----------------+-----
Spellcasting   | 4 5 |  5.1
Summonings     | 1 |  1.7
Conjurations   | 2 3 |  3.1
Dodging        | |  2.9
Stealth        | |  2.5
Unarmed Combat | |  0.5
Translocations | |  1.1

Action                   |  1- 3 |  4- 6 || total
-------------------------+-------+-------++-------
Melee: Unarmed           |    29 |    15 ||    44
 Cast: Magic Dart        |    86 |    71 ||   157
       Call Imp          |     6 |    25 ||    31
  Use: Scroll            |       |     1 ||     1
 Stab: Sleeping          |     2 |       ||     2
  Eat: Bread ration      |     1 |       ||     1
       Pizza             |       |     1 ||     1
Armor: Robe              |    15 |     6 ||    21
Dodge: Dodged            |    38 |    20 ||    58
